 Dungeon Crawl Stone Soup version 0.22-a0-443-g17c3723931 (webtiles) character file.

148 Plexus the Ducker (level 5, -1/43 HPs)
             Began as a Gnoll Gladiator on May 31, 2018.
             Killed by divine providence
             ... invoked by an orc priest
              (12 damage)
             ... on level 4 of the Dungeon.
             The game lasted 00:03:44 (2777 turns).

Plexus the Ducker (Gnoll Gladiator)                 Turns: 2777, Time: 00:03:45

Health: -1/43      AC:  6    Str: 15 (16) XL:     5   Next: 30%
Magic:  7/7        EV: 15    Int:  7 (10) God:
Gold:   153        SH:  0    Dex: 16 (18) Spells: 6/6 levels left

rFire    . . .     SeeInvis .   l - +1 spear (venom)
rCold    . . .     Gourm    .   (no shield)
rNeg     . . .     Faith    .   B - +0 ring mail
rPois    .         Spirit   .   c - +0 helmet
rElec    .         Reflect  .   (no cloak)
rCorr    .         Harm     .   (no gloves)
MR       +....                  (no boots)
Stlth    +.........             (no amulet)
HPRegen  0.14/turn              C - ring of protection from magic (curse)
MPRegen  0.10/turn              (no ring)

@: hasted, very quick
A: distributed training, fangs 1, strong nose
a: no special abilities


You were on level 4 of the Dungeon.
You were not hungry.

You visited 1 branch of the dungeon, and saw 4 of its levels.

You collected 153 gold pieces.

Inventory:

Hand Weapons
 a - a +0 quarterstaff
 l - a +1 spear of venom (weapon)
 y - a +0 blowgun
Missiles
 d - 3 throwing nets (quivered)
 z - 19 poisoned needles
Armour
 b - a +0 leather armour
 c - a +0 helmet (worn)
 h - a +0 helmet
 B - a +0 ring mail (worn)
Jewellery
 C - a cursed ring of protection from magic (left hand)
Wands
 s - a wand of acid (9)
 E - a wand of disintegration (6)
Scrolls
 i - 4 scrolls of teleportation {unknown}
 j - 4 scrolls of enchant weapon {unknown}
 k - 5 scrolls of identify {unknown}
 m - 2 scrolls of magic mapping {unknown}
 q - a scroll of fog {unknown}
 A - a scroll of remove curse {unknown}
 D - a scroll of fear {unknown}
Potions
 e - 2 potions of heal wounds {unknown}
 g - 2 potions of flight {unknown}
 n - a potion of agility {unknown}
 o - a potion of curing {unknown}
 p - a potion of haste
 r - a potion of invisibility {unknown}
 t - a potion of mutation {unknown}
 u - a potion of magic {unknown}
 v - a potion of lignification {unknown}
 w - a potion of brilliance {unknown}
 x - 2 potions of degeneration
Comestibles
 f - 6 rations
 F - 2 chunks of flesh


   Skills:
 + Level 4.7 Fighting
 + Level 1.4 Short Blades
 + Level 1.4 Long Blades
 + Level 1.4 Axes
 + Level 1.4 Maces & Flails
 + Level 1.4 Polearms
 + Level 6.6 Staves
 + Level 1.4 Slings
 + Level 1.4 Bows
 + Level 1.4 Crossbows
 + Level 4.7 Throwing
 + Level 1.4 Armour
 + Level 6.6 Dodging
 + Level 1.4 Stealth
 + Level 1.4 Shields
 + Level 1.4 Unarmed Combat
 + Level 1.4 Spellcasting
 + Level 1.1 Conjurations
 + Level 1.1 Hexes
 + Level 1.1 Charms
 + Level 1.1 Summonings
 + Level 1.1 Necromancy
 + Level 1.1 Translocations
 + Level 1.1 Transmutations
 + Level 1.1 Fire Magic
 + Level 1.1 Ice Magic
 + Level 1.1 Air Magic
 + Level 1.1 Earth Magic
 + Level 1.1 Poison Magic
 + Level 1.5 Invocations
 + Level 1.4 Evocations


You had 6 spell levels left.
You didn't know any spells.
Your spell library was empty.

Dungeon Overview and Level Annotations

Branches:
Dungeon (4/15)
 Temple: D:4-7

Altars:


Innate Abilities, Weirdness & Mutations

Your experience applies equally to all skills.
You have very sharp teeth.
Your uncanny sense of smell can sniff out nearby items.


Message History

* * * LOW HITPOINT WARNING * * *
The orc priest misses you.
You are too injured to fight recklessly!
You are too injured to fight recklessly!
You are too injured to fight recklessly!
You are too injured to fight recklessly!
It was a potion of degeneration.
There was something very wrong with that liquid.
You feel weakened.
You feel dopey.
You feel clumsy. The orc wizard hits you with a dagger.
* * * LOW HITPOINT WARNING * * *
The orc wizard barely misses you.
The orc priest hits you but does no damage.
It was a potion of haste.
You feel yourself speed up. The orc wizard closely misses you.
The orc priest looks encouraged for a moment.
The orc wizard hits you but does no damage.
The orc priest mumbles some strange prayers to Beogh against you.
Beogh smites you!
You die...

#..!....# #...(....
∆ ∆ #..$....#
#.......# ...#
#.......# #..$# ∆
#......o########...#
#.....oo#.....!....#
#.....o@#..........#
#..(..............#
####.###..........#
# #.%........#
#..........#
#..........######
.............'.....
#..#..........######
#..#................


You could see 2 orc priests and 2 orc wizards.

Vanquished Creatures
  A hound (D:2)
  A worker ant (D:4)
  An adder (D:4)
  An ooze (D:3)
  3 worms
  A dart slug (D:1)
  A leopard gecko (D:2)
  4 orcs
  3 giant cockroaches
  7 goblins
  8 hobgoblins
  2 jackals (D:1)
  6 kobolds
  2 quokkas
  7 bats
  2 frilled lizards
  A jackal skeleton (D:4)
  9 rats
60 creatures vanquished.

Vanquished Creatures (others)
  A rat (D:1)
1 creature vanquished.

Grand Total: 61 creatures vanquished

Notes
Turn   | Place    | Note
-------+----------+-------------------------------------------
     0 | D:1      | Plexus the Gnoll Gladiator began the quest for the Orb.
     0 | D:1      | Reached XP level 1. HP: 20/20 MP: 1/1
   295 | D:1      | Reached XP level 2. HP: 26/26 MP: 2/2
   658 | D:2      | Reached skill level 1 in Invocations
   658 | D:2      | Reached XP level 3. HP: 30/31 MP: 2/4
   846 | D:2      | Reached skill level 1 in Short Blades
   846 | D:2      | Reached skill level 1 in Long Blades
   846 | D:2      | Reached skill level 1 in Axes
   846 | D:2      | Reached skill level 1 in Maces & Flails
   846 | D:2      | Reached skill level 1 in Polearms
   846 | D:2      | Reached skill level 1 in Slings
   846 | D:2      | Reached skill level 1 in Bows
   846 | D:2      | Reached skill level 1 in Crossbows
   846 | D:2      | Reached skill level 1 in Armour
   846 | D:2      | Reached skill level 1 in Stealth
   846 | D:2      | Reached skill level 1 in Shields
   846 | D:2      | Reached skill level 1 in Unarmed Combat
   846 | D:2      | Reached skill level 1 in Spellcasting
   846 | D:2      | Reached skill level 1 in Evocations
  1039 | D:2      | Reached XP level 4. HP: 38/38 MP: 5/5
  2088 | D:3      | Reached skill level 1 in Conjurations
  2088 | D:3      | Reached skill level 1 in Hexes
  2088 | D:3      | Reached skill level 1 in Charms
  2088 | D:3      | Reached skill level 1 in Summonings
  2088 | D:3      | Reached skill level 1 in Necromancy
  2088 | D:3      | Reached skill level 1 in Translocations
  2088 | D:3      | Reached skill level 1 in Transmutations
  2088 | D:3      | Reached skill level 1 in Fire Magic
  2088 | D:3      | Reached skill level 1 in Ice Magic
  2088 | D:3      | Reached skill level 1 in Air Magic
  2088 | D:3      | Reached skill level 1 in Earth Magic
  2088 | D:3      | Reached skill level 1 in Poison Magic
  2122 | D:3      | Found a faded altar of an unknown god.
  2526 | D:4      | Reached XP level 5. HP: 34/43 MP: 6/6
  2777 | D:4      | Killed from afar by an orc priest

Vault maps used:
D:1:      dpeg_arrival_brainrot, lemuel_flame_loot_1
D:3:      chequers_ecumenical_altar_simple, minmay_ruptured

Skill      XL: |  1  2  3  4 |
---------------+-------------+-----
Invocations    | 1 |  1.5
Short Blades   | 1 |  1.4
Long Blades    | 1 |  1.4
Axes           | 1 |  1.4
Maces & Flails | 1 |  1.4
Polearms       | 1 |  1.4
Slings         | 1 |  1.4
Bows           | 1 |  1.4
Crossbows      | 1 |  1.4
Armour         | 1 |  1.4
Stealth        | 1 |  1.4
Shields        | 1 |  1.4
Unarmed Combat | 1 |  1.4
Spellcasting   | 1 |  1.4
Evocations     | 1 |  1.4
Conjurations   | 1 |  1.1
Hexes          | 1 |  1.1
Charms         | 1 |  1.1
Summonings     | 1 |  1.1
Necromancy     | 1 |  1.1
Translocations | 1 |  1.1
Transmutations | 1 |  1.1
Fire Magic     | 1 |  1.1
Ice Magic      | 1 |  1.1
Air Magic      | 1 |  1.1
Earth Magic    | 1 |  1.1
Poison Magic   | 1 |  1.1
Fighting       | |  4.7
Staves         | |  6.6
Throwing       | |  4.7
Dodging        | |  6.6

Action                   |  1- 3 |  4- 6 || total
-------------------------+-------+-------++-------
Melee: Quarterstaff      |     8 |       ||     8
       Spear             |    34 |    99 ||   133
       Bite              |     6 |    13 ||    19
       Punch             |       |     1 ||     1
  Use: Potion            |       |     2 ||     2
 Stab: Sleeping          |     2 |     8 ||    10
  Eat: Chunk             |       |     6 ||     6
Armor: Leather armour    |     4 |     6 ||    10
       Ring mail         |       |    10 ||    10
Dodge: Dodged            |    18 |    43 ||    61

Table legend:
 A = Spawn XP
 B = Non-spawn XP
 C = Spawn XP percentage of total XP
 D = Spawn monster count
 E = Non-spawn monster count
 F = Spawn count percentage of total count
 G = Total turns spent on level
                    A         B        C        D         E        F      G
               +---------+---------+-------+---------+---------+-------+---------
         Total |       0 |     212 |   0.0 |       0 |      60 |   0.0 |  2777
               +---------+---------+-------+---------+---------+-------+---------
           D:1 |       0 |      16 |   0.0 |       0 |       9 |   0.0 |   651
           D:2 |       0 |      88 |   0.0 |       0 |      22 |   0.0 |   928
           D:3 |       0 |      46 |   0.0 |       0 |      21 |   0.0 |   925
           D:4 |       0 |      62 |   0.0 |       0 |       8 |   0.0 |   273
               +---------+---------+-------+---------+---------+-------+---------
